 Dungeon Crawl Stone Soup version 0.22.0-1-g6561e4c (webtiles) character file.

109 Lew the Sneak (level 4, -2/31 HPs)
             Began as an Octopode Fighter on Aug 12, 2018.
             Slain by Pikel
             ... wielding a +1 whip of freezing
              (5 damage)
             ... on level 4 of the Dungeon.
             The game lasted 00:06:24 (2421 turns).

Lew the Sneak (Octopode Fighter)                    Turns: 2421, Time: 00:06:24

Health: -2/31      AC:  1    Str: 16    XL:     4   Next: 90%
Magic:  4/4        EV: 11    Int: 10    God:
Gold:   124        SH:  8    Dex: 11    Spells: 3/3 levels left

rFire    . . .     SeeInvis .   e - +4 spear (pierce)
rCold    . . .     Gourm    .   b - +0 shield
rNeg     . . .     Faith    .   (helmet restricted)
rPois    .         Spirit   .   (no amulet)
rElec    .         Reflect  .   (no ring)
rCorr    .         Harm     .   (no ring)
MR       .....                  (no ring)
Stlth    ++++......             (no ring)
HPRegen  0.10/turn              (no ring)
MPRegen  0.09/turn              (no ring)
                                (no ring)
                                (no ring)

@: no status effects
A: almost no armour, stealthy swim, amphibious, 8 rings, constrict 8, camouflage
1, mutation resistance 1, sense surroundings 1, gelatinous body 1
a: no special abilities


You were on level 4 of the Dungeon.
You were not hungry.

You visited 1 branch of the dungeon, and saw 4 of its levels.

You collected 124 gold pieces.

Inventory:

Hand Weapons
 e - a +4 spear of piercing (weapon)
Armour
 b - a +0 shield (worn)
Scrolls
 a - a scroll of enchant armour {unknown}
Potions
 c - 2 potions of might
 h - 4 potions of heal wounds
 i - a potion of haste
Comestibles
 d - 3 rations


   Skills:
 - Level 3.0 Fighting
 - Level 2.0 Polearms
 - Level 3.0 Dodging
 + Level 6.3 Stealth
 - Level 3.0 Shields


You had 3 spell levels left.
You didn't know any spells.
Your spell library was empty.

Dungeon Overview and Level Annotations

Branches:
Dungeon (4/15)
 Temple: D:4-7

Altars:
Ashenzari
Cheibriados

Annotations:
D:4 Pikel


Innate Abilities, Weirdness & Mutations

You cannot wear most types of armour.
You are very stealthy in the water. (Stealth+)
You are amphibious.
You can wear up to eight rings at the same time.
You can use your tentacles to constrict eight enemies at once.
Your skin changes colour to match your surroundings (Stealth+).
Your rubbery body absorbs attacks. (AC +1, EV +1)
You are somewhat resistant to further mutation.
You passively map a small area around you.


Message History

Pikel freezes you.
You closely miss Pikel. You grab Pikel.
Pikel is moderately wounded.
You constrict Pikel, but do no damage. You block the slave's attack.
Pikel hits you with a whip of freezing! Pikel freezes you.
You hit Pikel.
Pikel is heavily wounded.
You constrict Pikel. Pikel hits you with a whip of freezing. Pikel freezes you.
* * * LOW HITPOINT WARNING * * *
You hit Pikel. You squeeze Pikel.
Pikel is severely wounded.
You constrict Pikel, but do no damage. You block the slave's attack.
You block Pikel's attack. The slave hits you.
* * * LOW HITPOINT WARNING * * *
You hit Pikel but do no damage.
Pikel is severely wounded.
You constrict Pikel. The slave hits you.
* * * LOW HITPOINT WARNING * * *
Pikel hits you with a whip of freezing.
You die...

####* ... #.##
##...## *
##########.p...###
#.........@K......
#.########pp.p.###
,, #.# ##..#.# , ,
#.# *.## ..
#.##### #.* . ,,
#.....# .. ,
#####.## ..., ,
#.....# #.>#* *
#.##..# , , ,


You could see Pikel and 4 slaves.

Vanquished Creatures
  An orc wizard (D:4)
  2 adders (D:2)
  3 dart slugs
  A leopard gecko (D:2)
  7 orcs
  A giant cockroach (D:1)
  5 hobgoblins
  2 jackals (D:1)
  2 quokkas
  2 ball pythons
  4 bats
  7 goblins
  7 kobolds
  7 rats
51 creatures vanquished.

Notes
Turn   | Place    | Note
-------+----------+-------------------------------------------
     0 | D:1      | Lew the Octopode Fighter began the quest for the Orb.
     0 | D:1      | Reached XP level 1. HP: 16/16 MP: 1/1
    45 | D:1      | Reached skill level 1 in Stealth
    64 | D:1      | Reached skill level 2 in Stealth
    92 | D:1      | Reached XP level 2. HP: 20/21 MP: 2/2
   194 | D:1      | Reached skill level 3 in Stealth
   474 | D:2      | Gained mutation: You passively map a small area around you. [potion of mutation]
   474 | D:2      | Gained mutation: You are somewhat resistant to further mutation. [potion of mutation]
   506 | D:2      | Reached skill level 4 in Stealth
   506 | D:2      | Reached XP level 3. HP: 26/26 MP: 3/3
   963 | D:2      | Reached skill level 5 in Stealth
  1381 | D:3      | Reached XP level 4. HP: 31/31 MP: 4/4
  1537 | D:3      | Found a snail-covered altar of Cheibriados.
  2011 | D:3      | Found a shattered altar of Ashenzari.
  2411 | D:4      | Noticed Pikel
  2412 | D:4      | Reached skill level 6 in Stealth
  2412 | D:4      | Noticed a slave
  2415 | D:4      | Noticed a slave
  2415 | D:4      | Noticed a slave
  2416 | D:4      | Noticed a slave
  2421 | D:4      | Slain by Pikel

Skill      XL: |  1  2  3  4 |
---------------+-------------+-----
Stealth        | 2 4 5 6 |  6.3
Fighting       | |  3.0
Polearms       | |  2.0
Dodging        | |  3.0
Shields        | |  3.0

Action                   |  1- 3 |  4- 6 || total
-------------------------+-------+-------++-------
Melee: Trident           |    34 |       ||    34
       Constrict         |    10 |     8 ||    18
       Tentacles         |     4 |     7 ||    11
       Spear             |    34 |    36 ||    70
  Use: Scroll            |     7 |     3 ||    10
       Potion            |     4 |     2 ||     6
 Stab: Sleeping          |    14 |     4 ||    18
       Distracted        |       |     1 ||     1
  Eat: Ration            |       |     1 ||     1
       Chunk             |       |     1 ||     1
Armor: Skin              |     2 |       ||     2
Dodge: Dodged            |    12 |     6 ||    18
Block: Shield            |    18 |    12 ||    30
